 Dungeon Crawl Stone Soup version 0.18.1-50-g88ac8fd (console) character file.

112 Goblin1989 the Firebug (level 4, -1/45 HPs)
             Began as a Demonspawn Fire Elementalist on Sept 20, 2016.
             Slain by Crazy Yiuf
             ... wielding a +3 quarterstaff of chaos
              (7 damage)
             ... on level 3 of the Dungeon.
             The game lasted 00:25:33 (3218 turns).

Goblin1989 the Firebug (DsFE)                       Turns: 3218, Time: 00:25:33

Health: -1/45      AC:  3    Str: 14    XL:     4   Next: 63%
Magic:  1/8        EV: 12    Int: 17    God:
Gold:   125        SH:  0    Dex: 13    Spells: 2 memorised, 4 levels left

rFire  . . .     SeeInvis .     m - +1 dagger (drain)
rCold  . . .     Gourm    .     a - +0 robe
rNeg   . . .     Faith    .     (no shield)
rPois  .         Spirit   .     (helmet restricted)
rElec  .         Dismiss  .     (no cloak)
rCorr  .         Reflect  .     (no gloves)
SustAt .         Harm     .     f - +0 pair of boots
MR     .....                    (no amulet)
Stlth  ..........               (no ring)
                                (no ring)

@: berserking, lethally poisoned (-1 -> -4), drained, very quick, not resistant
to hostile enchantments, extremely unstealthy
A: antennae 1
a: no special abilities


You were on level 3 of the Dungeon.
You were not hungry.

You visited 1 branch of the dungeon, and saw 3 of its levels.

You collected 125 gold pieces.

Inventory:

Hand Weapons
 m - a +1 dagger of draining (weapon)
Armour
 a - a +0 robe (worn)
 f - a +0 pair of boots (worn)
Wands
 l - a wand of disintegration (18/24)
 L - a wand of lightning (7/15)
Scrolls
 e - 2 scrolls of remove curse {unknown}
 j - 2 scrolls of identify {unknown}
 k - a scroll of blinking {unknown}
 n - a scroll of enchant armour {unknown}
Potions
 g - a potion of brilliance {unknown}
 h - a potion of heal wounds {unknown}
 i - a potion of haste {unknown}
 p - a potion of cure mutation {unknown}
Books
 b - a book of Flames

   Spells                             Type                      Level
   a - Flame Tongue                   Conjuration/Fire             1
   b - Throw Flame                    Conjuration/Fire             2
   c - Conjure Flame                  Conjuration/Fire             3
   d - Inner Flame                    Hexes/Fire                   3
   e - Sticky Flame                   Conjuration/Fire             4
   f - Fireball                       Conjuration/Fire             5
Comestibles
 c - a meat ration
 o - 3 chunks of flesh


   Skills:
 - Level 1.7(1.2) Dodging
 - Level 1.7(1.2) Stealth
 + Level 2.6(2.1) Spellcasting
 * Level 2.4(1.9) Conjurations
 * Level 4.0(3.5) Fire Magic


You had 4 spell levels left.
You knew the following spells:

 Your Spells              Type           Power        Failure   Level  Hunger
a - Flame Tongue          Conj/Fire      ##...        10%         1    #......
j - Conjure Flame         Conj/Fire      ##......     21%         3    ###....


Dungeon Overview and Level Annotations

Branches:
Dungeon (3/15)

Altars:
Ashenzari
Okawaru

Annotations:
D:2 exclusion: kobold, Robin, Sigmund
D:3 Crazy Yiuf


Innate Abilities, Weirdness & Mutations

You have a pair of small antennae on your head.


Message History

You feel drained.
You take 6 damage, and have 4/30 hp.
Unknown command.
An adder comes into view.
Crazy Yiuf whimpers, "Liver!
Goober noodlescoop tea."
Drink which item? (? for menu, Esc to quit)
It was a potion of berserk rage.
A red film seems to cover your vision as you go berserk!
You feel yourself moving faster!
You feel mighty! Crazy Yiuf hits you but does no damage.
You are poisoned.
You now have 7/45 hp.
You barely miss Crazy Yiuf.
Crazy Yiuf is heavily wounded.
You feel sick.
You take 1 damage, and have 6/45 hp.
You hit Crazy Yiuf but do no damage. You drain Crazy Yiuf!
Crazy Yiuf is heavily wounded.
Crazy Yiuf hits you with a quarterstaff of chaos!
You die...

.......ਜਜ.ਜਜਜ...........ਜਜਜਜਜ.ਜ.
......∆........................
ਜ....ਜਜ∆ਜਜਜਜਜਜਜਜਜਜ.ਜ.ਜਜਜਜਜਜ.ਜਜ
ਜ.ਜਜ........ਜ ਜ.ਜ.ਜ ਜ.....
ਜ.ਜਜ........ਜ ਜਜਜ∆ਜ∆ਜਜਜਜ▲ਜ.ਜਜ
ਜ.ਜਜ........ਜ ਜ.......ਜ.....ਜ
ਜਜਜਜ.ਜਜ........ਜਜਜਜ.......ਜ.....ਜ
ਜ...>..........o..........∆......
ਜ...........S..g@.........ਜ...ਜ.ਜ
ਜ..............ਜਜਜਜ.......ਜਜ▲ਜ..▲
ਜ.ਜਜ...(.......ਜ.............ਜਜਜਜ
ਜ.ਜਜ...........ਜ.....ਜਜਜਜਜਜਜਜਜਜਜਜ
ਜ∆ਜਜ.................∆...<......ਜ
.........ਜਜਜਜਜਜਜ..ਜਜਜਜਜ.........ਜ
.........ਜ ਜ....ਜ ਜ..........ਜ
.........ਜ ਜ..PPਜ ਜਜ)ਜ∆ਜ∆ਜਜਜਜਜ
.........ਜਜਜ ਜਜ.P.ਜ ਜ..ਜ.ਜ[ਜ


You could see Crazy Yiuf, an adder and an orc.

Vanquished Creatures
  A hound (D:3)
  An adder (D:3)
  An ooze (D:1)
  A dart slug (D:3)
  2 giant geckos (D:1)
  5 orcs (D:3)
  6 giant cockroaches
  9 goblins
  6 hobgoblins
  4 jackals (D:1)
  8 kobolds
  4 bats
  A giant newt (D:1)
  5 rats
54 creatures vanquished.

Vanquished Creatures (others)
  4 goblins (D:2)
  A hobgoblin (D:2)
  2 kobolds (D:2)
7 creatures vanquished.

Grand Total: 61 creatures vanquished

Notes
Turn   | Place    | Note
--------------------------------------------------------------
     0 | D:1      | Goblin1989 the Demonspawn Fire Elementalist began the quest for the Orb.
     0 | D:1      | Reached XP level 1. HP: 13/13 MP: 3/3
    93 | D:1      | Reached skill level 3 in Fire Magic
   470 | D:1      | Gained mutation: You have a pair of small antennae on your head. [demonic ancestry]
   470 | D:1      | Reached XP level 2. HP: 15/19 MP: 0/5
  1151 | D:1      | Reached XP level 3. HP: 19/24 MP: 1/6
  1692 | D:2      | Found an iron altar of Okawaru.
  1765 | D:2      | Noticed Robin
  1774 | D:1      | Learned a level 3 spell: Conjure Flame
  1859 | D:2      | Noticed Sigmund
  2040 | D:3      | HP: 1/24 [orc/hand axe (6)]
  2410 | D:3      | Found a shattered altar of Ashenzari.
  2414 | D:3      | Reached XP level 4. HP: 30/30 MP: 2/7
  3036 | D:3      | Reached skill level 4 in Fire Magic
  3194 | D:3      | Noticed Crazy Yiuf
  3218 | D:3      | Slain by Crazy Yiuf

Skill      XL: |  1  2  3  4 |
---------------+-------------+-----
Fire Magic     | 3 4 |  4.0
Conjurations   | 2 |  2.4
Dodging        | |  1.7
Stealth        | |  1.7
Spellcasting   | |  2.6

Action                   |  1- 3 |  4- 6 || total
-------------------------+-------+-------++-------
Melee: Unarmed           |     4 |       ||     4
       Falchion          |    11 |       ||    11
       Dagger            |       |     2 ||     2
 Cast: Flame Tongue      |    83 |    31 ||   114
       Conjure Flame     |     1 |       ||     1
  Use: Potion            |     2 |     1 ||     3
  Eat: Chunk             |     4 |       ||     4
       Bread ration      |     1 |       ||     1
Armor: Robe              |    15 |     6 ||    21
Dodge: Dodged            |    33 |    10 ||    43

Vault maps used:
D:1:      matt_arrival_diagonals
D:2:      okawaru_ov_weapons_minmay, lemuel_old_faithful, uniq_robin,
          uniq_sigmund
D:3:      nicolae_overflow_crystal_walls, overflow_temple_1_default,
          uniq_crazy_yiuf_cottage
